 Dungeon Crawl Stone Soup version 0.31-a0-867-g9b2fd80f0c (webtiles) character file.

Game seed: 14674509758383337332

2011 EiAlmux the Trooper (level 9, -2/70 HPs)
             Began as a Demonspawn Gladiator on Oct 11, 2023.
             Was an Initiate of Okawaru.
             Killed from afar by a steam dragon (16 damage)
             ... with a ball of steam
             ... on level 7 of the Dungeon.
             The game lasted 00:15:50 (5535 turns).

EiAlmux the Trooper (Demonspawn Gladiator)          Turns: 5535, Time: 00:15:50

Health: -2/70      AC:  5    Str: 17    XL:     9   Next: 2%
Magic:  9/9        EV: 15    Int: 10    God:    Okawaru [......]
Gold:   298        SH:  4    Dex: 20    Spells: 8/8 levels left

rFire   . . .        n - +3 war axe of Azaehe Unny {venom, rCorr Dex+4}
rCold   . . .        (no shield)
rNeg    . . .        b - +0 leather armour
rPois   .            (helmet restricted)
rElec   .            y - +1 cloak
rCorr   +            (no gloves)
SInv    .            (no boots)
Will    .....        (no amulet)
Stlth   +++          x - ring of ice
HPRegen 0.31/turn    l - ring of fire
MPRegen 0.22/turn

%: no passive effects
@: no status effects
A: antennae 1, large bone plates 1, powered by pain 1, magic regeneration
a: Renounce Religion


You were on level 7 of the Dungeon.
You worshipped Okawaru.
Okawaru was noncommittal.
You visited 2 branches of the dungeon, and saw 8 of its levels.
You also visited: Sewer.

You collected 298 gold pieces.

Inventory:

Hand Weapons
 a - a +0 rapier
 h - a +2 dagger of venom
 n - the +3 war axe of Azaehe Unny (weapon) {venom, rCorr Dex+4}
   (You found it on level 2 of the Dungeon)

   Dex+4:     It affects your dexterity (+4).
   rCorr:     It protects you from acid and corrosion.
 z - a +2 hammer of draining
Missiles
 d - 3 throwing nets
 e - a javelin (quivered)
Armour
 b - a +0 leather armour (worn)
 c - a +0 helmet
 y - a +1 cloak (worn)
Jewellery
 l - a ring of fire (right hand)
 x - a ring of ice (left hand)
 A - a ring of magical power
Wands
 g - a wand of flame (8)
 t - a wand of iceblast (21)
 v - a wand of polymorph (11)
Scrolls
 f - 2 scrolls of enchant weapon {unknown}
 j - 4 scrolls of blinking
 k - 3 scrolls of teleportation
 q - 2 scrolls of identify
 r - a scroll of revelation {unknown}
 w - a scroll of fog {unknown}
 C - a scroll of vulnerability {unknown}
Potions
 i - 7 potions of curing
 m - a potion of magic {unknown}
 o - 3 potions of attraction
 p - 2 potions of mutation
 s - a potion of invisibility {unknown}
 u - a potion of ambrosia {unknown}
 B - 2 potions of might {unknown}


   Skills:
 + Level 6.3 Fighting
 - Level 3.0 Short Blades
 + Level 5.0 Axes
 + Level 2.6 Throwing
 + Level 2.2 Armour
 + Level 6.2 Dodging
 - Level 4.0 Stealth


You had 8 spell levels left.
You didn't know any spells.
Your spell library contained the following spells:

 Spells                   Type           Power      Damage    Failure   Level
 Kiss of Death            Conj/Necr      0%         2d5       41%         1
 Blink                    Tloc           0%         N/A       56%         2
 Lesser Beckoning         Tloc           0%         N/A       56%         2
 Momentum Strike          Conj/Tloc      0%         3d8       56%         2
 Confusing Touch          Hex            0%         N/A       80%         3
 Dispel Undead            Necr           0%         3d6       99%         4
 Malign Gateway           Summ/Tloc      Unusable   N/A       N/A         7
 Summon Horrible Things   Summ           Unusable   N/A       N/A         8

Dungeon Overview and Level Annotations

Branches:
Dungeon (7/15)             Temple (1/1) D:6           Sewer (visited)

Altars:
Ashenzari
Cheibriados
Dithmenos
Fedhas
Gozag
Hepliaklqana
Kikubaaqudgha
Makhleb
Nemelex Xobeh
Okawaru
Qazlal
Sif Muna
Trog
Uskayaw
Vehumet
Wu Jian
Xom
Yredelemnul

Annotations:
D:2 Sigmund
D:7 Joseph


Innate Abilities, Weirdness & Mutations

You have a pair of small antennae on your head.
You are partially covered in large bone plates. (SH +4)
You sometimes gain a little power by taking damage.
You regenerate magic rapidly.


Message History

Done exploring.
Done exploring.
Done exploring.
Search for what [Enter for "."]?
There is a stone staircase leading down here.
You climb downwards.
You hear the roar of battle.
There is an entrance to a bailey on this level.
Hurry and find it before the portal closes forever!
There is a stone staircase leading up here.
A steam dragon, 2 orcs and a sleepcap come into view.
The orc shouts!
The steam dragon hisses angrily.
The orc shouts!
You hear a shout!
Joseph shouts!
An orc warrior comes into view. It is wielding a +0 flail.
The steam dragon breathes steam at you. The ball of steam hits you!!
Joseph unwields a +0 quarterstaff.
Joseph wields a +0 sling.
Joseph shoots a sling bullet.
The sling bullet hits you!
The orc warrior moves out of view.
You hit Joseph.
Joseph is poisoned.
Joseph is lightly wounded.
Joseph unwields a +0 sling.
Joseph wields a +0 quarterstaff.
Joseph hits you with a +0 quarterstaff!
* * * LOW HITPOINT WARNING * * *
You barely miss Joseph.
Joseph is lightly wounded.
You slash the steam dragon! You block Joseph's attack.
The steam dragon bites you but does no damage.
The steam dragon claws you but does no damage.
Joseph hits you with a +0 quarterstaff!
* * * LOW HITPOINT WARNING * * *
You hit Joseph. Your punch misses Joseph.
Joseph is lightly wounded.
You barely miss the steam dragon. The steam dragon closely misses you.
You block the steam dragon's attack. Joseph completely misses you.
You slash Joseph!
Joseph looks as sick as possible!
Joseph is moderately wounded.
You barely miss the steam dragon. The steam dragon closely misses you. x2
You block Joseph's attack. The steam dragon breathes steam at you.
The ball of steam hits you!
You die...

### #.. ..#
##.# #..# #<#
..
#####.###....
#.....Dfooo..
#.###@###o...
#@# .o #.#
#.# ... ###


You could see Joseph (extremely poisoned), a steam dragon (catching breath), an
orc warrior, a sleepcap and 2 orcs.

Vanquished Creatures
  A vampire (D:5)
  Edmund (D:5)
  A water moccasin (D:6)
  An orc warrior (D:5)
  2 black bears (D:6)
  2 centaurs
  2 ogres
  2 phantoms (D:4)
  Blork the orc (D:5)
  A bullfrog (D:6)
  3 jellies
  3 orc priests
  A sleepcap (D:6)
  Crazy Yiuf (D:3)
  2 hounds
  5 iguanas
  3 orc wizards (D:5)
  Ijyb (D:5)
  Terence (D:3)
  A hell rat (Sewer)
  A river rat (Sewer)
  6 adders
  A shadow imp (D:6)
  An ufetubus (D:4)
  2 worms
  A dart slug (D:5)
  12 orcs
  6 ball pythons
  5 endoplasms
  3 giant cockroaches
  7 goblins
  4 hobgoblins
  10 jackals (D:1)
  5 quokkas
  3 bats
  4 frilled lizards
  4 kobolds
  10 rats
120 creatures vanquished.

Vanquished Creatures (others)
  A scorpion (D:5)
  A gnoll bouda (D:5)
  An adder (D:5)
3 creatures vanquished.

Grand Total: 123 creatures vanquished

Notes
Turn   | Place    | Note
-------+----------+-------------------------------------------
     0 | D:1      | EiAlmux the Demonspawn Gladiator began the quest for the
                  | Orb.
     0 | D:1      | Reached XP level 1. HP: 16/16 MP: 1/1
   127 | D:1      | Gained mutation: You sometimes gain a little power by
                  | taking damage. [demonic ancestry]
   127 | D:1      | Reached XP level 2. HP: 14/22 MP: 2/2
   498 | D:1      | Reached skill level 1 in Stealth
   611 | D:1      | Gained mutation: You regenerate magic rapidly. [demonic
                  | ancestry]
   611 | D:1      | Reached XP level 3. HP: 28/28 MP: 3/3
   698 | D:2      | Identified the +3 war axe of Azaehe Unny {venom, rCorr
                  | Dex+4}
  1151 | D:2      | Noticed Sigmund
  1452 | D:3      | Found a glowing drain.
  1465 | Sewer    | Entered a sewer
  1478 | Sewer    | Reached XP level 4. HP: 23/34 MP: 4/4
  1542 | Sewer    | Reached skill level 1 in Axes
  1786 | D:3      | Found an ornate altar of the Wu Jian Council.
  1786 | D:3      | Noticed Terence
  1791 | D:3      | Killed Terence
  1798 | D:3      | Noticed a spectral centipede
  1798 | D:3      | Noticed a spectral black mamba
  1798 | D:3      | Noticed a spectral cane toad
  1901 | D:3      | Found a runed translucent door.
  1902 | D:3      | Noticed Crazy Yiuf
  2051 | D:3      | Found a bloodstained altar of Trog.
  2052 | D:3      | Found a blossoming altar of Fedhas.
  2351 | D:3      | Killed Crazy Yiuf
  2352 | D:3      | Gained mutation: You are partially covered in large bone
                  | plates. (SH +4) [demonic ancestry]
  2352 | D:3      | Reached XP level 5. HP: 13/41 MP: 5/5
  2547 | D:4      | Noticed a phantom
  2561 | D:4      | Killed a phantom
  2583 | D:4      | Reached XP level 6. HP: 34/47 MP: 6/6
  2979 | D:4      | Found a shadowy altar of Dithmenos.
  3082 | D:4      | Found a shimmering blue altar of Sif Muna.
  3206 | D:4      | Found an opulent altar of Gozag.
  3454 | D:5      | Entered Level 5 of the Dungeon
  3454 | D:5      | Noticed Blork the orc
  3462 | D:5      | Killed Blork the orc
  3463 | D:5      | Reached XP level 7. HP: 38/54 MP: 7/7
  3609 | D:5      | Noticed Ijyb
  3616 | D:5      | Killed Ijyb
  3765 | D:5      | Found a radiant altar of Vehumet.
  3780 | D:5      | Reached skill level 5 in Dodging
  3870 | D:5      | Noticed a vampire
  3871 | D:5      | Found a shimmering altar of Xom.
  3882 | D:5      | Killed a vampire
  3883 | D:5      | Reached skill level 5 in Fighting
  3883 | D:5      | Reached XP level 8. HP: 43/62 MP: 8/8
  4218 | D:5      | Noticed Edmund
  4239 | D:5      | Killed Edmund
  4626 | D:6      | Reached skill level 1 in Armour
  4732 | D:6      | Found a staircase to the Ecumenical Temple.
  4747 | Temple   | Entered the Ecumenical Temple
  4927 | Temple   | Became a worshipper of Warmaster Okawaru
  5363 | D:6      | Gained mutation: You have a pair of small antennae on your
                  | head. [demonic ancestry]
  5363 | D:6      | Reached XP level 9. HP: 63/70 MP: 9/9
  5456 | D:6      | Reached skill level 5 in Axes
  5528 | D:7      | Noticed Joseph
  5535 | D:7      | Killed from afar by a steam dragon

Illustrated notes

Levels and vault maps discovered:
D:1:      mrwooster_arrival_statue_3, layout_loops_ring
D:2:      layout_basic, serial_bayou_lagoon_a, uniq_sigmund
D:3:      layout_loops_ring, grunt_temple_overflow_open,
          pdpol_wu_jian_five_deadly_venoms, gup_sewer_entry_bubbles,
          uniq_crazy_yiuf_cottage, uniq_terence
D:4:      layout_basic, mainiacjoe_overflow_24_doors,
          nicolae_dithmenos_through_a_glass_darkly,
          mainiacjoe_overflow_small_starburst
D:5:      layout_basic, vehumet_crystals, xom_confusion_cloud,
          hangedman_decor_opposing, hangedman_abyss_or_decor_passed,
          uniq_edmund, uniq_blork_the_orc, uniq_ijyb
D:6:      layout_basic, minmay_temple_entry_ruins
D:7:      layout_loops_ring, elyvilon_altar_1, lightli_bailey_entry_fortress,
          uniq_jeremiah, uniq_joseph, uniq_duvessa
Temple:   hellmonk_temple_flake

Skill      XL: |  1  2  3  4  5  6  7  8  9 |
---------------+----------------------------+-----
Throwing       | 2 |  2.6
Short Blades   | 3 |  3.0
Stealth        | 1 2 3 4 |  4.0
Dodging        | 3 4 5 6 |  6.2
Axes           | 1 2 3 4 5 |  5.0
Fighting       | 3 4 5 6 |  6.3
Armour         | 2 |  2.2

Action                     |  1- 3 |  4- 6 |  7- 9 || total
---------------------------+-------+-------+-------++-------
  Melee: Dagger            |    61 |       |       ||    61
         Rapier            |    10 |       |       ||    10
         Punch             |     1 |       |     2 ||     3
         War axe           |    41 |    95 |   132 ||   268
  Throw: Throwing net      |       |       |     1 ||     1
    Use: Scroll            |     1 |       |     4 ||     5
         Potion            |       |     1 |     2 ||     3
   Stab: Sleeping          |     4 |     6 |     3 ||    13
 Armour: Leather armour    |    43 |    59 |   101 ||   203
         Skin              |       |     2 |       ||     2
  Dodge: Dodged            |    59 |    50 |   108 ||   217
  Block: Other             |       |    15 |    34 ||    49

Table legend: (Time is in decaauts)
 A = Elapsed time spent in this place.
 B = Non-inter-level travel time spent in this place.
 C = Inter-level travel time spent in this place.
 D = Time resting spent in this place.
 E = Time spent auto-exploring this place.
 F = Levels seen in this place.
 G = Mean time per level.
                   A        B        C        D        E       F      G
               +--------+--------+--------+--------+--------+-----+--------+
         Total |   5665 |   5124 |    541 |    106 |   3971 |   9 |  629.4 |
       Dungeon |   5233 |   4881 |    352 |    106 |   3770 |   7 |  747.6 |
        Temple |    191 |      2 |    189 |      0 |      0 |   1 |  191.0 |
         Sewer |    239 |    239 |      0 |      0 |    200 |   1 |  239.0 |
               +--------+--------+--------+--------+--------+-----+--------+

Top non-repeatable levels by time:
     D:3: 1190 daAuts
     D:5: 1043 daAuts
     D:4: 967 daAuts
     D:6: 852 daAuts
     D:1: 682 daAuts
     D:2: 491 daAuts
   Sewer: 239 daAuts
  Temple: 191 daAuts
     D:7: 7 daAuts
